 Dungeon Crawl Stone Soup version 0.29.0 (webtiles) character file.

Game seed: 8513125035728560803

72 edsrzf the Conjurer (level 4, -1/30 HPs)
             Began as a Merfolk Air Elementalist on Aug 28, 2022.
             Was a Follower of Wu Jian.
             Slain by an orc wizard
             ... wielding a +3 dagger of venom
              (3 damage)
             ... on level 3 of the Dungeon on Aug 30, 2022.
             The game lasted 00:07:10 (2962 turns).

edsrzf the Conjurer (Merfolk Air Elementalist)      Turns: 2962, Time: 00:07:10

Health: -1/30      AC:  4    Str:  8    XL:     4   Next: 25%
Magic:  1/7        EV: 12    Int: 16    God:    Wu Jian [*.....]
Gold:   141        SH:  0    Dex: 14    Spells: 6/7 levels left

rFire   . . .      SeeInvis .   a - +0 short sword (drain)
rCold   . . .      Faith    .   (no shield)
rNeg    . . .      Spirit   .   r - +0 robe
rPois   .          Reflect  .   (no helmet)
rElec   .          Harm     .   (no cloak)
rCorr   .          Rampage  .   (no gloves)
Will    .....                   t - +1 pair of boots
Stlth   ++........              (no amulet)
HPRegen 0.10/turn               (no ring)
MPRegen 0.10/turn               (no ring)

@: flying
A: (nimble swimmer 2), mertail
a: Renounce Religion


You were on level 3 of the Dungeon.
You worshipped Wu Jian.
Wu Jian was aware of your devotion.
You visited 1 branch of the dungeon, and saw 3 of its levels.

You collected 141 gold pieces.

Inventory:

Hand Weapons
 a - a +0 short sword of draining (weapon)
Missiles
 l - 3 javelins
 o - 2 curare-tipped darts
 s - 3 poisoned darts
Armour
 g - a +0 pair of boots
 r - a +0 robe (worn)
 t - a +1 pair of boots (worn)
Jewellery
 k - a ring of ice
Scrolls
 c - 2 scrolls of poison
 d - a scroll of magic mapping {unknown}
 e - a scroll of acquirement {unknown}
 f - a scroll of vulnerability {unknown}
 h - a scroll of amnesia {unknown}
 i - 3 scrolls of identify {unknown}
 j - 3 scrolls of enchant weapon {unknown}
 n - 2 scrolls of teleportation {unknown}
Potions
 b - 3 potions of magic
 q - a potion of haste


   Skills:
 - Level 2.6 Dodging
 - Level 2.1 Stealth
 + Level 2.1 Spellcasting
 - Level 3.1 Conjurations
 + Level 2.5 Air Magic


You had 6 spell levels left.
You knew the following spells:

 Your Spells              Type           Power      Damage    Failure   Level
x - Shock                 Conj/Air       40%        1d5       6%          1

Your spell library contained the following spells:

 Spells                   Type           Power      Damage    Failure   Level
 Static Discharge         Conj/Air       10%        3-5/arc   10%         2
 Swiftness                Air            9%         N/A       22%         3
 Airstrike                Air            4%         2d(1-17)  58%         4


Dungeon Overview and Level Annotations

Branches:
Dungeon (3/15)

Altars:
Wu Jian


Innate Abilities, Weirdness & Mutations

((You are very nimble when in or above water. (Stealth+, EV+, Speed+++)))
Your lower body shifts to a powerful aquatic tail in water.


Message History

The orc misses you.
The zap hits the orc but does no damage.
The orc is moderately wounded.
The zap hits something but does no damage.
The zap misses the orc.
The orc hits you from afar with a +0 trident.
The zap hits the orc but does no damage.
The orc is lightly wounded.
The zap hits the orc.
The orc is almost dead.
The orc hits you from afar with a +0 trident.
The zap hits the orc but does no damage.
The orc is lightly wounded.
The zap hits something.
The zap misses the orc.
The orc hits you from afar with a +0 trident.
You miscast Shock.
You are very lightly contaminated with residual magic.
Nothing appears to happen.
The orc closely misses you.
The zap misses the orc.
The zap hits the orc.
You kill the orc!
The Council accepts your kill.
You can now lightly attack monsters by moving around them.
The orc hits you but does no damage.
Casting: Shock (safe; 6% risk of failure)
Confirm with . or Enter, or press ? or * to list all spells.
Aiming: Shock (safe; 6% risk of failure)
Press: ? - help, Shift-Dir - straight line, f/p - orc
Aim: an orc, wielding a +0 trident and wearing a +0 chain mail (lightly wounded, 77% to hit)
The zap hits the orc but does no damage.
The orc is lightly wounded.
The orc hits you from afar with a +0 trident.
Casting: Shock (safe; 6% risk of failure)
Confirm with . or Enter, or press ? or * to list all spells.
Aiming: Shock (safe; 6% risk of failure)
Press: ? - help, Shift-Dir - straight line, f/p - orc
Aim: an orc, wielding a +0 trident and wearing a +0 chain mail (lightly wounded, 77% to hit)
The zap misses the orc.
The orc hits you from afar with a +0 trident.
Casting: Shock (safe; 6% risk of failure)
Confirm with . or Enter, or press ? or * to list all spells.
Aiming: Shock (safe; 6% risk of failure)
Press: ? - help, Shift-Dir - straight line, f/p - orc
Aim: an orc, wielding a +0 trident and wearing a +0 chain mail (lightly wounded, 77% to hit)
The zap hits the orc.
The orc is moderately wounded.
The orc hits you from afar with a +0 trident.
* * * LOW HITPOINT WARNING * * *
It was a potion of heal wounds.
You feel much better. The orc barely misses you.
Casting: Shock (safe; 6% risk of failure)
Confirm with . or Enter, or press ? or * to list all spells.
Okay, then.
Okay, then.
You aren't carrying any items that you can evoke.
Unknown command.
The air fills with toxic fumes!
As you read the scroll labelled HOETOR XURUTAQI, it crumbles to dust.
It was a scroll of poison.
The orc closely misses you.
Your magical contamination has completely faded away.
The orc hits you from afar with a +0 trident.
Okay, then.
Okay, then.
You aren't carrying any items that you can evoke.
Unknown command.
Okay, then.
The orc hits you but does no damage.
The orc hits you from afar with a +0 trident.
The orc hits you from afar with a +0 trident.
The orc closely misses you. The orc barely misses you.
The orc hits you from afar with a +0 trident!
* * * LOW HITPOINT WARNING * * *
Okay, then.
Casting: Shock (safe; 6% risk of failure)
Confirm with . or Enter, or press ? or * to list all spells.
You don't know that spell.
Unknown command.
Casting: Shock (safe; 6% risk of failure)
Confirm with . or Enter, or press ? or * to list all spells.
Aiming: Shock (safe; 6% risk of failure)
Press: ? - help, Shift-Dir - straight line, f/p - orc
Aim: an orc, wielding a +0 trident and wearing a +0 chain mail (moderately wounded, 77% to hit)
The zap hits the orc.
The orc is heavily wounded.
The orc hits you from afar with a +0 trident.
* * * LOW HITPOINT WARNING * * *
You aren't carrying any items that you can evoke.
Unknown command.
Throw: 5 javelins
Press: ? - help, Shift-Dir - straight line, f/p - orc
Aim: an orc, wielding a +0 trident and wearing a +0 chain mail (heavily wounded, 65% to hit)
You throw a javelin. The javelin pierces through the orc.
You kill the orc!
The Council accepts your kill.
Throw: 4 javelins
Press: ? - help, Shift-Dir - straight line, f - you You throw a javelin.
You start resting.
Something hits you.
You die...

#..........###.##..#....
#...........##.<........
##.....##...........##...
###......##.....○☼.........
#........#####.)☼..).......
#...o....# ##....##.###...
#.....#######.○...##.# #...
#######...○######☼○.☼○☼○##.#
####
.........(○○☼.)[@°##..#.##.#
.........○☼##########.#.##.#
...........# ###.##.#
......#....# #..#.#
......###### ##...# ......#
##### ......# #######


There were no monsters in sight!

Vanquished Creatures
  An adder (D:3)
  2 worms (D:3)
  3 orcs (D:3)
  5 bats
  5 endoplasms
  A giant cockroach (D:3)
  5 goblins
  6 hobgoblins
  3 jackals (D:1)
  2 quokkas
  A ball python (D:2)
  A frilled lizard (D:1)
  8 kobolds
  8 rats
51 creatures vanquished.

Notes
Turn   | Place    | Note
-------+----------+-------------------------------------------
     0 | D:1      | edsrzf the Merfolk Air Elementalist began the quest for the
                  | Orb.
     0 | D:1      | Reached XP level 1. HP: 13/13 MP: 3/3
    80 | D:1      | Reached skill level 1 in Conjurations
   137 | D:1      | Found a faded altar of an unknown god.
   256 | D:1      | Reached XP level 2. HP: 19/19 MP: 0/5
   570 | D:1      | Reached skill level 2 in Conjurations
  1365 | D:2      | Found an ornate altar of the Wu Jian Council.
  1379 | D:2      | Reached XP level 3. HP: 24/24 MP: 4/6
  1380 | D:2      | Became a worshipper of the Wu Jian Council
  2380 | D:3      | Identified 2 potions of haste
  2735 | D:3      | Reached skill level 3 in Conjurations
  2735 | D:3      | Reached XP level 4. HP: 26/30 MP: 7/7
  2929 | D:3      | Identified a potion of flight
  2930 | D:3      | Identified a potion of ambrosia
  2943 | D:3      | Reached * piety under Wu Jian
  2947 | D:3      | Identified a potion of heal wounds
  2948 | D:3      | Identified 3 scrolls of poison
  2956 | D:3      | HP: 1/30 [orc/+0 trident (4)]
  2962 | D:3      | Slain by an orc wizard

Illustrated notes

Levels and vault maps discovered:
D:1:      dpeg_arrival_tiny_g, layout_basic, dilly_ecumenical_altar_fadedgnrine,
          minmay_crystal_water
D:2:      minmay_evil_eye, layout_basic, basic_altar
D:3:      layout_rooms, wander_ebering_terrifying_dragon_lair

Skill      XL: |  1  2  3 |
---------------+----------+-----
Conjurations   | 1 2 3 |  3.1
Dodging        | |  2.6
Stealth        | |  2.1
Spellcasting   | |  2.1
Air Magic      | |  2.5

Action                   |  1- 3 |  4- 6 || total
-------------------------+-------+-------++-------
Melee: Unarmed           |    29 |       ||    29
       Short sword       |    34 |     9 ||    43
Throw: Javelin           |       |     2 ||     2
 Cast: Shock             |    67 |    20 ||    87
Invok: Lunge             |     3 |     1 ||     4
  Use: Potion            |     1 |     3 ||     4
       Scroll            |       |     1 ||     1
 Stab: Sleeping          |     2 |       ||     2
Armor: Robe              |    20 |     7 ||    27
Dodge: Dodged            |    57 |    15 ||    72
